 Dungeon Crawl Stone Soup version v3.33-hellcrawl-189-gd9da4bb (webtiles) character file.

0 tyvek the Insei (level 5, -1/40 HPs) *CASUAL*
             Began as a Draconian Transmuter on Oct 22, 2017.
             Slain by Crazy Yiuf
             ... wielding a +2 quarterstaff of chaos
              (14 damage)
             ... on level 2 of the Dungeon.
             The game lasted 00:02:19 (1570 turns).

tyvek the Insei (Draconian Transmuter)              Turns: 1570, Time: 00:02:20

Health: -1/40      AC:  2 (0%)Str: 12   XL:     5   Next: 8%
Magic:  4/4        EV: 19    Int: 13    God:
Gold:   143        SH:  3    Dex: 18    Spells: 2/8 levels left

rFire    . . .     SeeInvis .     - Unarmed
rCold    . . .     Faith    .   (shield currently unavailable)
rNeg     . . .     Spirit   .   (armour unavailable)
rPois    x         Reflect  +   (helmet currently unavailable)
rElec    .                      (cloak currently unavailable)
rCorr    .                      (gloves currently unavailable)
MR       .....                  (boots currently unavailable)
Stlth    ++........             c - +3 amulet of reflection
Regen    0.2/turn               (no ring)
MPRegen  0.2/turn               (no ring)

@: spider-form, very slightly contaminated, hasted and slowed
A: unfitting armour, AC +5
a: End Transformation


You were on level 2 of the Dungeon.
You were not hungry.
You were a venomous arachnid creature.
You visited 1 branch of the dungeon, and saw 2 of its levels.

You collected 143 gold pieces.


Innate Abilities, Weirdness & Mutations

((Your plain brown scales are hard. (AC +5)))
Your body does not fit into most forms of armour.
((You are cold-blooded and may be slowed by cold attacks.))


   Skills:
 - Level 1.1 Fighting
 - Level 1.7 Dodging
 * Level 5.1 Unarmed Combat
 - Level 2.0 Spellcasting
 + Level 3.3 Transmutations


You had 2 spell levels left.
You knew the following spells:

 Your Spells              Type           Power        Failure   Level  Hunger
p - Spider Form           Tmut           10 (200)     19%         3    ####...
t - Sticks to Snakes      Tmut/Summ      5 (100)      38%         2    ###....
z - Beastly Appendage     Tmut           10 (50)      6%          1    ##.....

Inventory:

Missiles
 a - 218 arrows
Jewellery
 c - a +3 amulet of reflection (around neck)
 P - an uncursed ring of poison resistance
Scrolls
 b - 2 scrolls of enchant armour
 d - 2 scrolls of teleportation {@r4}
Potions
 e - a potion of resistance
 f - a potion of berserk rage {!q}
 g - a potion of invisibility
 h - a potion of cancellation

Dungeon Overview and Level Annotations

Branches:
Dungeon (2/15)

Altars:
Makhleb
Trog
The Shining One

Annotations:
D:2 Crazy Yiuf

#### #### ♣♣#### #... ###
#)))#♣♣ ♣♣....###.## #.#
#.)gs)♣♣♣♣........... #.#
#)))#♣))♣).....###.## #.#
#### ♣♣♣)♣)...## #.#. #.#
♣♣♣♣♣### #.#. #.# #.#.
###.## ####### #.>. #....#
##.....## ###. #.#..##
##.......## ##.#.
#.#...####.........####....


You could see Crazy Yiuf.


Message History

You feel yourself slow down.
You are too injured to fight recklessly!
You are too injured to fight recklessly!
You are too injured to fight recklessly!
Unknown command.
You are too injured to fight recklessly!
You are too injured to fight recklessly!
You are too injured to fight recklessly!
You are too injured to fight recklessly!
You are too injured to fight recklessly!
Unknown command.
You are too injured to fight recklessly!
You barely miss Crazy Yiuf.
Crazy Yiuf is lightly wounded.
Crazy Yiuf barely misses you.
You hit Crazy Yiuf (2).
Crazy Yiuf is poisoned.
Crazy Yiuf is moderately wounded.
Crazy Yiuf hits you with a +2 quarterstaff of chaos (9)!
* * * LOW HITPOINT WARNING * * *
You feel yourself speed up.
You are very lightly contaminated with residual magic.
You barely miss Crazy Yiuf.
Crazy Yiuf is moderately wounded.
Crazy Yiuf hits you with a +2 quarterstaff of chaos (2).
* * * LOW HITPOINT WARNING * * *
Crazy Yiuf draws strength from your injuries!
You hit Crazy Yiuf (3).
Crazy Yiuf looks as sick as possible!
Crazy Yiuf is moderately wounded.
Crazy Yiuf hits you with a +2 quarterstaff of chaos (14)!
You die...

Skill      XL: |  1  2  3  4 |
---------------+-------------+-----
Unarmed Combat | 4 5 |  5.1
Transmutations | 3 |  3.3
Fighting       | |  1.1
Dodging        | |  1.7
Spellcasting   | |  2.0

Action                   |  1- 3 |  4- 6 || total
-------------------------+-------+-------++-------
Melee: Unarmed           |    96 |    31 ||   127
       Kick              |    12 |       ||    12
       Tailslap          |     8 |       ||     8
 Cast: Beastly Appendage |     1 |       ||     1
       Spider Form       |     1 |       ||     1
 Stab: Sleeping          |       |     1 ||     1
Armor: Skin              |    14 |     4 ||    18
Dodge: Dodged            |    54 |    21 ||    75
Block: Other             |     7 |       ||     7
       Reflection        |     1 |       ||     1

Vault maps used:
D:1:      dpeg_arrival_shelter
D:2:      lemuel_crystal_altar, nicolae_overflow_crystal_walls,
          overflow_temple_1_default, chequers_ecumenical_altar_simple_redux,
          uniq_crazy_yiuf_cottage

Notes
Turn   | Place    | Note
-------+----------+-------------------------------------------
     0 | D:1      | tyvek the Draconian Transmuter began the quest for the Orb.
     0 | D:1      | Reached XP level 1. HP: 16/16 MP: 3/3
   280 | D:1      | Reached XP level 2. HP: 23/23 MP: 4/4
   468 | D:1      | Reached XP level 3. HP: 28/28 MP: 5/5
   500 | D:1      | Reached skill level 4 in Unarmed Combat
   681 | D:1      | Learned a level 2 spell: Sticks to Snakes
   685 | D:1      | Learned a level 3 spell: Spider Form
   905 | D:2      | Reached skill level 3 in Transmutations
   905 | D:2      | Reached XP level 4. HP: 29/35 MP: 2/2
   919 | D:2      | Found a faded altar of an unknown god.
   927 | D:2      | Found a bloodstained altar of Trog.
   993 | D:2      | Found a burning altar of Makhleb.
  1110 | D:2      | Found a runed door.
  1165 | D:2      | Found a glowing golden altar of the Shining One.
  1182 | D:2      | Reached skill level 5 in Unarmed Combat
  1182 | D:2      | Reached XP level 5. HP: 38/40 MP: 4/4
  1564 | D:2      | Noticed Crazy Yiuf
  1570 | D:2      | Slain by Crazy Yiuf

Vanquished Creatures
  3 adders (D:2)
  A dart slug (D:2)
  A giant cockroach (D:1)
  9 hobgoblins
  8 jackals
  4 kobolds
  4 bats
  6 frilled lizards
  2 goblins (D:1)
  7 rats
45 creatures vanquished.
